cohdb
Replays
Latest Replays
All Replays
Popular Replays
Top Player Replays
Match Explorer
How It Works
Community
CoH3 Stats
Reddit
Sign in to upload your games and track your stats! →
Sign in with Steam
Match 45189319
Unlisted
Match 45189319
Overview
Messages
Build Orders
End
Engineer Squad
Construct Weapon Support Center
M1919 Machine Gun Team
M1919 Machine Gun Team
Bazooka Squad
Mechanized Support Center
Bazooka Squad
.30 cal Machine Gun
Selects Armored Battlegroup
Selects Veteran Crews
Selects Fast Deploy
Selects M31 Recovery Vehicle
M31 Recovery Vehicle
.30 cal Machine Gun
Construct Medical Station
Construct Tank Depot
taskeone
Field marshal Prince
5DALSOO
kurt0113
Jaques
Platoon51
brandi1000
Obi
0
0
Comments
sign in to comment!
No comments posted yet!